 Dungeon Crawl Stone Soup version 0.21.1-1-g345015f (webtiles) character file.

16 tidbits the Insei (level 2, 0/23 HPs)
             Began as a Gnoll Transmuter on Feb 19, 2018.
             Slain by a jackal (1 damage)
             ... on level 1 of the Dungeon.
             The game lasted 00:01:44 (195 turns).

tidbits the Insei (Gnoll Transmuter)                 Turns: 195, Time: 00:01:45

Health: 0/23       AC:  2    Str: 12    XL:     2   Next: 58%
Magic:  7/7        EV: 14    Int: 15    God:
Gold:   38         SH:  0    Dex: 15    Spells: 7/10 levels left

rFire    . . .     SeeInvis .     - Unarmed
rCold    . . .     Gourm    .   (no shield)
rNeg     . . .     Faith    .   b - +0 robe
rPois    .         Spirit   .   (no helmet)
rElec    .         Reflect  .   (no cloak)
rCorr    .         Harm     .   (no gloves)
MR       .....                  (no boots)
Stlth    ++........             (no amulet)
HPRegen  0.07/turn              (no ring)
MPRegen  0.10/turn              (no ring)

@: appendage (expiring)
A: distributed training, fangs 1, horns 2, strong nose
a: End Transformation


You were on level 1 of the Dungeon.
You were not hungry.
You had grown temporary horns.
You visited 1 branch of the dungeon, and saw 2 of its levels.

You collected 38 gold pieces.

Inventory:

Hand Weapons
 h - a +0 falchion
Missiles
 a - 12 arrows
Armour
 b - a +0 robe (worn)
Scrolls
 e - a scroll of enchant weapon {unknown}
 f - a scroll of amnesia {unknown}
 g - a scroll of fear {unknown}
 i - a scroll of fog {unknown}
 j - a scroll of enchant armour {unknown}
Potions
 k - a potion of curing {unknown}
Books
 c - a book of Changes

   Spells                             Type                      Level
   a - Beastly Appendage              Transmutation                1
   b - Sticks to Snakes               Transmutation                2
   c - Spider Form                    Transmutation/Poison         3
   d - Ice Form                       Ice/Transmutation            4
   e - Blade Hands                    Transmutation                5
Comestibles
 d - a ration


   Skills:
 + Level 2.5 Fighting
 + Level 0.4 Short Blades
 + Level 0.4 Long Blades
 + Level 0.4 Axes
 + Level 0.4 Maces & Flails
 + Level 0.4 Polearms
 + Level 0.4 Staves
 + Level 0.4 Slings
 + Level 0.4 Bows
 + Level 0.4 Crossbows
 + Level 0.4 Throwing
 + Level 0.4 Armour
 + Level 4.5 Dodging
 + Level 0.4 Stealth
 + Level 0.4 Shields
 + Level 6.5 Unarmed Combat
 + Level 4.9 Spellcasting
 + Level 0.2 Conjurations
 + Level 0.2 Hexes
 + Level 0.2 Charms
 + Level 0.2 Summonings
 + Level 0.2 Necromancy
 + Level 0.2 Translocations
 + Level 3.7 Transmutations
 + Level 0.2 Fire Magic
 + Level 0.2 Ice Magic
 + Level 0.2 Air Magic
 + Level 0.2 Earth Magic
 + Level 0.2 Poison Magic
 + Level 0.5 Invocations
 + Level 0.4 Evocations


You had 7 spell levels left.
You knew the following spells:

 Your Spells              Type           Power        Failure   Level  Hunger
e - Beastly Appendage     Tmut           ##....       3%          1    None
k - Sticks to Snakes      Tmut           ##......     5%          2    ##.....


Dungeon Overview and Level Annotations

Branches:
Dungeon (2/15)

Altars:


Innate Abilities, Weirdness & Mutations

Your experience applies equally to all skills.
You have very sharp teeth.
Your uncanny sense of smell can sniff out nearby items.
You have a pair of horns on your head.


Message History

You climb downwards.
There is a stone staircase leading up here.
Unknown command.
Found a stone staircase leading up.
Found a falchion.
Unknown command.
Casting: Beastly Appendage
Confirm with . or Enter, or press ? or * to list all spells.
Your feet morph into talons.
Found a scroll labeled OKHLIU GUHEBERR.
Your transformation is almost over.
Found an emerald potion.
You see here a scroll labeled OKHLIU GUHEBERR.
g - a scroll labeled OKHLIU GUHEBERR
Found 10 gold pieces.
Things that are here:
a falchion; a scroll labeled DOZIH OKLIJI
h - a falchion;
i - a scroll labeled DOZIH OKLIJI
Found a robe.
Found a scroll labeled SEATAE ZIVVECW.
Your talons disappear.
Found 24 sling bullets.
You see here a scroll labeled SEATAE ZIVVECW.
j - a scroll labeled SEATAE ZIVVECW You see here an emerald potion.
k - an emerald potion You see here 10 gold pieces.
You now have 38 gold pieces (gained 10).
There is a stone staircase leading up here.
You climb upwards.
Found a dagger.
There is a stone staircase leading down here.
Unknown command.
A kobold comes into view. It is wielding a short sword.
Casting: Beastly Appendage
Confirm with . or Enter, or press ? or * to list all spells.
You grow a pair of large bovine horns.
The kobold shouts!
The kobold misses you.
You barely miss the kobold. Your headbutt misses the kobold.
The kobold hits you but does no damage.
You punch the kobold!
You kill the kobold!
Things that are here:
a short sword; a kobold corpse You open the door. 2 jackals and a goblin come into view.
The jackal barks!
You hear a bark!
The goblin shouts!
The jackal moves out of view. x2
A bat and a jackal come into view.
You punch the goblin!
You kill the goblin!
Casting: Beastly Appendage
Confirm with . or Enter, or press ? or * to list all spells.
You extend your transformation's duration.
You hit the jackal.
The jackal is heavily wounded.
The jackal barely misses you. The jackal bites you.
* * * LOW HITPOINT WARNING * * *
You closely miss the jackal. You bite the jackal, but do no damage.
The jackal is heavily wounded.
The jackal bites you.
* * * LOW HITPOINT WARNING * * *
You barely miss the jackal. Your headbutt misses the jackal.
The jackal is heavily wounded.
The jackal bites you.
* * * LOW HITPOINT WARNING * * *
You closely miss the jackal. Your bite misses the jackal.
The jackal is heavily wounded.
The jackal barely misses you.
You completely miss the jackal.
You kill the jackal!
The bat misses you.
You hit the bat. You bite the bat, but do no damage.
The bat is moderately wounded.
The bat hits you but does no damage. The bat closely misses you.
You punch the bat!
You kill the bat!
The jackal bites you.
* * * LOW HITPOINT WARNING * * *
The jackal closely misses you.
You see here a jackal corpse.
You hit the jackal.
The jackal is moderately wounded.
Your transformation is almost over.
The jackal bites you.
* * * LOW HITPOINT WARNING * * *
You closely miss the jackal.
You kill the jackal!
You hit the jackal but do no damage. The jackal barely misses you.
The jackal closely misses you.
You closely miss the jackal.
The jackal bites you but does no damage.
You barely miss the jackal. Your bite misses the jackal.
The jackal bites you but does no damage.
You barely miss the jackal. Your headbutt misses the jackal.
Your bite misses the jackal. The jackal bites you.
* * * LOW HITPOINT WARNING * * *
You barely miss the jackal. The jackal bites you.
You die...

. 8. .⌠.
.... .....
#.....######
+.....h@...#
#.....####)#
#.... #.#
#...∆ #.#
### #.#
########.#
)......>.#
#######..#
#..#


You could see a jackal.

Vanquished Creatures
  A giant cockroach (D:1)
  2 hobgoblins (D:1)
  6 jackals (D:1)
  2 bats (D:1)
  2 frilled lizards (D:1)
  A goblin (D:1)
  A kobold (D:1)
15 creatures vanquished.

Notes
Turn   | Place    | Note
-------+----------+-------------------------------------------
     0 | D:1      | tidbits the Gnoll Transmuter began the quest for the Orb.
     0 | D:1      | Reached XP level 1. HP: 17/17 MP: 6/6
     1 | D:1      | Noticed a vampire
     2 | D:1      | Noticed a dwarf
     4 | D:1      | Noticed a formicid
     6 | D:1      | Noticed a vine stalker
     6 | D:1      | Noticed a naga
     8 | D:1      | Noticed an octopode
     8 | D:1      | Noticed an elf
    10 | D:1      | Noticed a demigod
    10 | D:1      | Noticed a tengu
    12 | D:1      | Noticed a draconian
    12 | D:1      | Noticed a felid
    14 | D:1      | Noticed a demonspawn
    14 | D:1      | Noticed a troll
    18 | D:1      | Noticed an ogre
    20 | D:1      | Noticed a human
    20 | D:1      | Noticed a centaur
    22 | D:1      | Noticed a merfolk
    22 | D:1      | Noticed a gargoyle
    24 | D:1      | Noticed a halfling
    24 | D:1      | Noticed a minotaur
    26 | D:1      | Noticed a ghoul
    26 | D:1      | Noticed a spriggan
    71 | D:1      | Reached XP level 2. HP: 6/23 MP: 7/7
   118 | D:1      | Learned a level 2 spell: Sticks to Snakes
   194 | D:1      | HP: 1/23 [jackal (2)]
   195 | D:1      | Slain by a jackal

Action                   || total
-------------------------++-------
Melee: Unarmed           ||    36
       Bite              ||     3
       Headbutt          ||     2
       Kick              ||     1
       Punch             ||     1
 Cast: Beastly Appendage ||     6
Armor: Robe              ||     4
Dodge: Dodged            ||    20

Table legend:
 A = Turns spent in this place as a percentage of turns spent in the entire game.
 B = Non-inter-level travel turns spent in this place as a percentage of non-inter-level travel turns spent in the entire game.
 C = Inter-level travel turns spent in this place as a percentage of turns spent in this place.
 D = Turns resting spent in this place as a percentage of non-inter-level travel turns spent in this place.
 E = Turns spent auto-exploring this place as a percentage of non-inter-level travel turns spent in this place.
 F = Non-inter-level travel turns spent in this place divided by the number of levels of this place that you've seen.
                   A       B       C       D       E      F
               +-------+-------+-------+-------+-------+----------------------
         Total | 100.0 | 100.0 |   0.0 |   0.0 |   0.0 |  97.5
       Dungeon | 100.0 | 100.0 |   0.0 |   0.0 |   0.0 |  97.5
               +-------+-------+-------+-------+-------+----------------------

Table legend:
 A = Kills in this place as a percentage of kills in entire the game.
 B = Kills by you in this place as a percentage of kills by you in the entire game.
 C = Kills by friends in this place as a percentage of kills by friends in the entire game.
 D = Other kills in this place as a percentage of other kills in the entire game.
 E = Experience gained in this place as a percentage of experience gained in the entire game.
 F = Experience gained in this place divided by the number of levels of this place that you have seen.
                   A       B       C       D       E      F
               +-------+-------+-------+-------+-------+----------------------
         Total | 100.0 | 100.0 |   N/A |   N/A | 100.0 |  12.0
       Dungeon | 100.0 | 100.0 |   N/A |   N/A | 100.0 |  12.0
               +-------+-------+-------+-------+-------+----------------------

Vault maps used:
D:1:      kb_arrival_jail, hangedman_feature_mirror, minmay_hexomino_u4
